Map: Fields of Death

Players

Mrfanbean - Winner!

  • Race: Terran Terran
  • League: Bronze
  • Spawn Location: 12:00

Ghost - Winner!

  • Race: Protoss Protoss
  • League: Master
  • Spawn Location: 12:00

Рубёха

  • Race: Terran Terran
  • Spawn Location: 7:00

Baikotesla

  • Race: Zerg Zerg
  • League: Platinum
  • Spawn Location: 6:00

VOD

Have the link to the VOD?

Description

Time

  • Played on: Dec. 25, 2022, 11:35 a.m.
  • Length: 15:18
Show
View Real Time Build Order
Export as new Build Order

Mrfanbean Terran - Winner!

Build Orders:  

Get SALT Encoding   

  12  0:00  SCV  
  13  0:14  SCV  
  14  0:23  Supply Depot  
  14  0:26  SCV  
  15  0:45  SCV  
  15  0:46  Barracks  
  16  0:53  Refinery  
  16  0:57  SCV  
  17  1:11  SCV  
  18  1:23  SCV  
  19  1:43  Orbital Command  
  19  1:44  Barracks Reactor  
  19  1:51  Command Center  
  19  2:10  SCV  
  20  2:22  Marine  
  20  2:23  Marine  
  20  2:26  SCV  
  20  2:28  Factory  
  20  2:29  Refinery  
  23  2:44  Supply Depot  
  23  2:55  Command Center  
  23  3:02  Marine  
  23  3:03  SCV  
  25  3:09  Orbital Command  
  25  3:15  SCV  
  26  3:21  Factory Tech Lab  
  26  3:25  Barracks  
  26  3:28  SCV  
  26  3:31  Barracks  
  27  3:35  Marine x2  
  27  3:40  SCV x2  
  31  3:48  Cyclone  
  34  3:53  Marine x2  
  36  3:59  Engineering Bay  
  36  4:01  SCV  
  37  4:06  SCV  
  38  4:11  Marine  
  39  4:17  Barracks Tech Lab  
  39  4:20  Barracks Tech Lab  
  39  4:21  Starport  
  39  4:25  SCV  
  39  4:26  SCV  
  39  4:27  Planetary Fortress  
  41  4:37  Marine  
  41  4:38  Marauder, SCV x2  
  46  4:43  Marine  
  46  4:44  Stimpack  
  47  4:50  SCV  
  48  4:55  SCV  
  48  4:57  Supply Depot  
  48  4:58  Marine  
  48  4:59  Marine  
  51  5:02  SCV  
  51  5:03  Starport Reactor  
  52  5:09  SCV x2  
  54  5:20  SCV  
  54  5:21  SCV  
  56  5:23  Supply Depot, Terran Infantry Weapons Level 1  
  56  5:30  Refinery  
  56  5:32  Refinery, Missile Turret, SCV  
  56  5:33  SCV  
  58  5:49  Marine x3  
  61  5:50  Marine  
  61  5:52  Medivac  
  61  5:53  Medivac  
  61  5:56  Missile Turret  
  66  5:58  Combat Shield  
  66  6:07  SCV, Marine x2  
  66  6:08  SCV x2  
  71  6:20  SCV  
  71  6:21  SCV x2  
  74  6:32  SCV  
  75  6:55  SCV x2  
  77  7:04  Barracks  
  77  7:06  Barracks x2  
  77  7:09  Barracks  
  77  7:11  Supply Depot  
  77  7:12  Supply Depot  
  77  7:15  Engineering Bay, Armory  
  77  7:29  Refinery x2  
  77  7:32  Marauder x2, Supply Depot, SCV x2, Marine x2  
  77  7:33  Supply Depot  
  77  7:34  Siege Tank, Medivac x2  
  92  7:43  Command Center  
  92  7:44  Supply Depot  
  92  7:45  Terran Infantry Armor Level 1  
  92  7:50  Marine  
  93  7:54  Marauder, Marine  
  93  7:57  Marine x3  
  93  7:58  Marine x2  
  101  8:07  Marine  
  101  8:11  Marine  
  82  8:16  Marauder x2  
  82  8:17  Marine x3  
  89  8:29  Marine  
  89  8:30  Marine x2  
  92  8:34  Marine  
  92  8:37  Marauder x2  
  92  8:38  Siege Tank  
  100  8:41  Terran Vehicle Weapons Level 1  
  100  8:43  Terran Infantry Weapons Level 2  
  100  8:48  Barracks Reactor  
  100  8:49  Barracks Reactor x2  
  100  8:53  Barracks Reactor  
  100  8:55  Marine x2  
  102  8:57  SCV x2  
  102  8:58  Marauder  
  102  8:59  Marauder  
  108  9:12  Marine  
  108  9:13  Marine  
  110  9:20  Marauder, Marine  
  113  9:30  Marine x2  
  115  9:37  Marine  
  114  9:40  Siege Tank  
  114  9:41  Marine x4  
  114  9:42  Marine x2  
  123  9:46  Medivac x2  
  118  10:09  Marine  
  118  10:10  Marauder x2, Marine x2  
  118  10:12  Siege Tank  
  111  10:17  Command Center  
  110  10:23  Marine  
  110  10:24  Marine x6  
  110  10:27  Marine x2  
  110  10:28  Marine  
  120  10:30  Medivac x2  
  120  10:31  Marauder, Marine  
  120  10:35  Planetary Fortress  
  127  10:41  Marine x2  
  127  10:42  Marine x3  
  132  10:49  Terran Infantry Armor Level 2  
  132  10:50  Terran Vehicle Weapons Level 2  
  132  10:54  SCV  
  131  11:12  Marine  
  132  11:25  Supply Depot x2  
  132  11:26  Supply Depot  
  132  11:28  Supply Depot, Marine x6  
  132  11:29  Siege Tank  
  132  11:31  Marine x6  
  147  11:37  Planetary Fortress  
  147  11:46  Marine  
  147  11:47  Medivac x2  
  152  11:49  Supply Depot  
  152  11:50  Supply Depot  
  152  11:52  Command Center  
  152  12:00  Marine x3  
  152  12:01  Siege Tank, Marine x4  
  159  12:02  Marine x2  
  159  12:03  Marine x2  
  159  12:04  Marine  
  159  12:08  Terran Infantry Weapons Level 3  
  167  12:12  Missile Turret  
  167  12:17  Medivac x2  
  162  12:33  Siege Tank  
  155  12:44  Marine x5  
  156  12:45  Marine x3  
  113  13:20  Marine x4  
  113  13:21  Marine x5  
  113  13:22  Marine x2  
  121  13:39  Marine  
  121  13:40  Marine x5  
  121  13:41  Marine x5  
  128  13:42  Marine  
  133  13:49  Siege Tank  
  136  13:57  Marine x2  
  136  13:58  Marine x3  
  141  14:06  Marine x3  
  141  14:07  Marine x4  
  148  14:15  Marine x2  
  149  14:21  Siege Tank  
  144  14:33  Marine  
  144  14:34  Marine x11  
  156  14:51  Marine  
  156  14:52  Marine x2  
  159  14:54  Marine x2  
  159  14:55  Marine x4  
  159  14:56  Marine  
Show
View Real Time Build Order
Export as new Build Order

Ghost Protoss - Winner!

Build Orders: Oracle Opening, Carriers, Carrier Rush 

Get SALT Encoding   

  12  0:00  Probe  
  13  0:13  Probe  
  14  0:19  Pylon  
  14  0:25  Probe  
  15  0:31  Assimilator  
  15  0:37  Probe (Chrono Boost)  
  15  0:42  Assimilator  
  16  0:49  Probe (Chrono Boost)  
  17  0:54  Probe (Chrono Boost)  
  18  0:58  Gateway  
  18  1:04  Probe  
  19  1:16  Probe  
  20  1:20  Pylon  
  20  1:28  Probe  
  21  1:40  Probe  
  22  1:47  Cybernetics Core  
  22  1:57  Nexus  
  22  1:59  Probe  
  23  2:11  Probe  
  23  2:15  Pylon  
  24  2:25  Stargate  
  24  2:29  Stargate  
  24  2:32  Probe  
  26  2:44  Probe  
  26  2:52  Assimilator  
  26  2:56  Probe  
  27  2:59  Assimilator  
  27  3:08  Probe  
  27  3:09  Oracle  
  31  3:25  Fleet Beacon  
  31  3:26  Probe  
  32  3:27  Probe  
  33  3:38  Probe (Chrono Boost)  
  35  3:45  Probe (Chrono Boost)  
  36  3:49  Probe (Chrono Boost)  
  36  3:53  Probe (Chrono Boost)  
  36  3:54  Probe (Chrono Boost)  
  38  4:03  Probe, Pylon  
  38  4:05  Probe  
  40  4:15  Probe  
  41  4:17  Probe  
  42  4:28  Probe  
  42  4:29  Probe  
  44  4:33  Carrier x2 (Chrono Boost)  
  56  4:40  Probe  
  56  4:41  Probe  
  58  4:52  Probe  
  59  5:19  Pylon  
  59  5:22  Pylon  
  59  5:23  Pylon  
  59  5:34  Carrier (Chrono Boost)  
  59  5:38  Carrier (Chrono Boost)  
  59  5:42  Nexus  
  71  5:43  Pylon  
  71  5:55  Probe  
  71  5:56  Probe  
  73  6:00  Protoss Air Weapons Level 1 (Chrono Boost)  
  73  6:03  Pylon  
  73  6:08  Probe  
  73  6:09  Probe  
  75  6:17  Stargate  
  75  6:21  Probe x2  
  77  6:42  Probe x2  
  77  6:43  Carrier x2 (Chrono Boost), Assimilator  
  91  6:52  Pylon  
  91  6:54  Probe  
  91  6:55  Pylon  
  91  6:57  Pylon  
  91  6:58  Pylon  
  91  6:59  Probe  
  91  7:00  Probe, Pylon  
  94  7:06  Carrier (Chrono Boost)  
  94  7:15  Probe x2  
  102  7:18  Assimilator  
  102  7:21  Pylon  
  102  7:22  Pylon  
  102  7:23  Probe  
  103  7:45  Protoss Air Armor Level 1  
  103  7:51  Carrier x2 (Chrono Boost)  
  115  7:54  Probe x2  
  115  7:55  Probe  
  112  8:28  Carrier  
  118  8:50  Carrier  
  118  8:51  Carrier  
  130  8:58  Nexus  
  130  9:00  Pylon  
  130  9:03  Pylon  
  130  9:05  Assimilator  
  130  9:10  Assimilator  
  115  9:32  Carrier  
  121  9:50  Stargate  
  121  9:53  Pylon  
  121  9:54  Carrier  
  121  9:55  Carrier, Probe  
  121  9:56  Probe x2  
  106  10:24  Probe x3  
  106  10:27  Probe  
  110  10:36  Probe x3, Carrier  
  110  10:38  Carrier  
  125  10:45  Probe  
  125  10:48  Probe  
  127  10:58  Carrier  
  127  10:59  Carrier  
  127  11:02  Protoss Air Weapons Level 2 (Chrono Boost)  
  139  11:22  Stargate  
  139  11:24  Probe x3  
  142  11:25  Stargate  
  142  11:37  Nexus, Pylon  
  142  11:39  Pylon  
  142  11:42  Assimilator  
  142  11:46  Void Ray, Assimilator  
  150  11:48  Void Ray  
  158  12:08  Void Ray  
  158  12:09  Void Ray  
  158  12:11  Probe  
  158  12:12  Probe x2  
  158  12:13  Probe  
  162  12:29  Void Ray  
  158  12:31  Void Ray  
  155  12:46  Carrier  
  155  12:48  Void Ray x2  
  165  12:52  Void Ray  
  165  12:58  Probe x3  
  168  13:07  Carrier  
  168  13:08  Carrier  
  150  13:31  Void Ray x2  
  148  13:35  Void Ray  
  152  13:56  Void Ray  
  156  14:11  Carrier  
  156  14:14  Void Ray x2  
  162  14:18  Void Ray x2  
  162  14:39  Void Ray  
Show
View Real Time Build Order
Export as new Build Order

Рубёха Terran 

Build Orders:  

Get SALT Encoding   

  12  0:04  SCV  
  13  0:16  SCV  
  14  0:25  Supply Depot  
  15  0:28  SCV  
  15  0:46  SCV  
  15  0:47  Barracks  
  16  0:52  Refinery  
  16  0:58  SCV  
  16  1:02  Refinery  
  17  1:10  SCV  
  18  1:23  SCV  
  19  1:36  Supply Depot, Barracks Reactor  
  19  1:38  Orbital Command  
  19  2:05  SCV  
  20  2:12  Command Center  
  20  2:15  Marine x2  
  21  2:18  SCV  
  23  2:24  Supply Depot  
  23  2:30  SCV  
  23  2:35  Barracks  
  24  2:42  SCV  
  25  2:54  SCV  
  26  3:02  Marine x2  
  28  3:06  SCV  
  29  3:12  Factory  
  29  3:18  SCV  
  30  3:24  Barracks Tech Lab  
  30  3:25  Marine x2  
  32  3:30  SCV  
  32  3:31  Orbital Command  
  33  3:40  Supply Depot  
  33  3:43  Marine x2  
  33  3:44  Marine, Stimpack  
  36  3:54  SCV  
  37  3:59  Factory Tech Lab, Starport  
  37  4:01  Marine  
  38  4:06  SCV  
  36  4:32  Widow Mine  
  38  4:42  Marine x3  
  38  4:44  Barracks  
  41  4:46  Starport Reactor  
  41  4:47  Barracks x2  
  41  4:53  Siege Tank  
  41  4:54  Refinery  
  41  4:55  Refinery  
  44  5:07  Marine x3  
  47  5:21  SCV x2  
  49  5:22  Supply Depot  
  49  5:23  Supply Depot  
  49  5:25  Marine x3  
  52  5:30  Siege Tank  
  52  5:33  SCV x2, Combat Shield  
  57  5:35  Barracks Reactor  
  57  5:37  Barracks Reactor  
  57  5:43  Marine x2  
  57  5:45  SCV  
  60  5:50  Medivac x2  
  60  5:53  Barracks Reactor  
  64  6:02  Widow Mine  
  66  6:16  Marine x2  
  66  6:17  Marine  
  66  6:18  Command Center  
  69  6:24  Widow Mine  
  71  6:26  SCV x2  
  71  6:31  Supply Depot  
  73  6:35  Supply Depot  
  73  6:38  SCV x2  
  75  6:43  Factory, Marine  
  75  6:44  Marine  
  77  6:50  SCV  
  77  6:53  SCV, Marine x2  
  77  6:54  Marine x2  
  83  7:00  Supply Depot  
  83  7:02  SCV  
  84  7:12  Marine  
  84  7:13  Concussive Shells  
  84  7:14  Marine x7  
  92  7:26  Marine  
  92  7:27  Factory Tech Lab  
  93  7:30  Medivac x2, Marine  
  93  7:35  Orbital Command  
  98  7:41  Marine x2  
  98  7:42  Marine x4  
  104  7:49  Marine x2  
  104  7:50  Marine  
  107  7:55  Refinery  
  107  7:56  Refinery  
  107  7:59  Marine  
  102  8:12  Marine x8  
  99  8:17  Marine  
  83  8:25  Engineering Bay  
  83  8:26  Engineering Bay  
  80  8:29  Marine  
  80  8:30  Marine x5  
  86  8:35  Marine  
  86  8:36  Marine x2  
  89  8:47  Marine  
  89  8:48  Marine x5  
  95  8:51  Terran Infantry Weapons Level 1  
  95  8:52  Terran Infantry Armor Level 1  
  95  8:53  Armory  
  95  8:56  Marine x3  
  95  9:00  SCV x3  
  101  9:05  Marine x3  
  102  9:12  SCV x2  
  90  9:32  Marine x9  
  97  9:46  Supply Depot  
  97  9:49  Marine  
  97  9:50  Siege Tank, Marine x8  
  109  9:54  Medivac x2  
  102  10:07  Marine x2  
  102  10:08  Marine x2  
  102  10:13  Marine x3  
  102  10:14  Marine x2  
  85  10:25  Marine x4  
  88  10:31  SCV x3, Marine x5  
  96  10:43  SCV x3, Marine x4  
  103  10:55  SCV x3  
  103  11:00  Marine x5  
  103  11:01  Marine x4  
  112  11:07  Siege Tank, SCV  
  112  11:08  SCV x2  
  117  11:18  Marine x3  
  120  11:19  SCV  
  120  11:20  SCV x2  
  123  11:28  Medivac  
  125  11:34  Supply Depot  
  125  11:36  Supply Depot  
  125  11:39  Marine x4  
  125  11:40  Medivac, SCV x2  
  133  11:48  Command Center, Marine  
  133  11:56  SCV x2, Marine x4  
  133  11:57  Marine x4  
  133  11:58  Siege Tank  
  146  12:02  Terran Infantry Weapons Level 2  
  146  12:04  Terran Infantry Armor Level 2  
  146  12:06  Marine  
  147  12:13  SCV x2  
  149  12:32  SCV  
  149  12:59  Siege Tank, Medivac x2, Marine x8  
  149  13:05  Marine  
  164  13:07  Siege Tank  
  139  13:17  Marine x8  
  133  13:23  Marine  
  131  13:32  Siege Tank  
  124  13:35  Marine x8  
  124  13:39  Siege Tank  
  124  13:41  Marine  
  101  13:53  Marine x4  
  101  13:55  Marine x4  
  93  13:59  Marine  
  91  14:04  Siege Tank  
  90  14:10  Marine x4  
  90  14:13  Marine x4  
  90  14:16  Marine  
  92  14:28  Marine x3  
  92  14:30  Marine  
Show
View Real Time Build Order
Export as new Build Order

Baikotesla Zerg 

Build Orders: Hatch First 

Get SALT Encoding   

  12  0:00  Drone  
  13  0:30  Overlord  
  13  0:32  Overlord x2  
  13  0:42  Drone  
  14  0:59  Hatchery  
  13  1:05  Extractor, Drone  
  13  1:14  Drone x2  
  15  1:25  Drone  
  16  1:37  Spawning Pool  
  16  1:39  Drone  
  16  1:45  Drone  
  17  2:14  Drone x3  
  20  2:19  Drone  
  21  2:24  Metabolic Boost  
  21  2:25  Zergling x2  
  21  2:29  Zergling x2  
  23  2:30  Queen  
  23  2:37  Drone  
  26  2:42  Queen  
  28  2:45  Drone  
  28  2:47  Drone  
  30  3:03  Drone x3  
  33  3:17  Drone  
  33  3:18  Pneumatized Carapace  
  33  3:19  Extractor  
  33  3:20  Lair  
  33  3:25  Drone x3  
  36  3:42  Drone x2  
  36  3:43  Drone x4  
  42  3:50  Evolution Chamber  
  42  3:53  Baneling Nest  
  42  3:54  Drone  
  42  3:55  Drone  
  42  4:03  Spore Crawler  
  42  4:08  Spore Crawler  
  40  4:18  Drone x4  
  44  4:30  Hatchery  
  43  4:32  Zerg Melee Weapons Level 1  
  43  4:36  Overlord  
  43  4:37  Overlord x2  
  43  4:44  Centrifugal Hooks  
  43  4:52  Spore Crawler  
  42  5:05  Zergling x2  
  42  5:06  Zergling x4  
  42  5:07  Zergling x4  
  47  5:08  Drone  
  47  5:09  Drone x3  
  47  5:11  Extractor  
  47  5:12  Extractor  
  47  5:13  Drone x3  
  52  5:27  Drone x2  
  54  5:28  Queen  
  54  5:33  Overseer  
  56  5:52  Drone  
  56  5:53  Drone x10  
  67  6:08  Overlord  
  67  6:11  Overlord x2  
  67  6:25  Zergling x2  
  68  6:26  Zergling x12  
  67  6:43  Spire  
  67  6:44  Spire  
  65  6:49  Drone x3  
  65  6:51  Zerg Melee Weapons Level 2  
  68  6:56  Queen  
  68  6:58  Drone  
  68  6:59  Drone x2  
  68  7:00  Extractor  
  68  7:01  Extractor  
  71  7:02  Drone x3  
  74  7:12  Extractor  
  74  7:14  Hatchery  
  72  7:15  Extractor  
  72  7:20  Zergling x10  
  76  7:22  Baneling  
  76  7:24  Baneling x2  
  76  7:25  Baneling x7  
  76  7:36  Drone  
  76  7:37  Drone x7  
  84  7:41  Spore Crawler  
  83  7:44  Queen  
  85  7:56  Overlord x3, Corruptor  
  85  7:57  Corruptor x4  
  95  7:58  Corruptor  
  85  8:16  Corruptor x5  
  95  8:27  Corruptor x3  
  101  8:38  Corruptor x3  
  101  8:40  Overlord  
  101  8:41  Overlord  
  107  8:44  Zerg Flyer Weapons Level 1  
  107  8:47  Zerg Flyer Armor Level 1  
  107  8:51  Overseer x2  
  107  8:56  Corruptor  
  109  9:08  Zergling x10  
  109  9:09  Zergling x16  
  112  9:36  Corruptor x4  
  112  9:37  Corruptor x2  
  119  9:39  Baneling  
  119  9:40  Baneling x4  
  119  9:46  Drone  
  119  9:48  Overlord x6  
  104  10:08  Corruptor x4  
  110  10:20  Corruptor  
  110  10:21  Corruptor  
  110  10:25  Overlord x2, Overseer x2  
  110  10:26  Overlord  
  112  10:32  Zergling x2  
  112  10:33  Zergling x18  
  122  11:03  Zergling x2  
  123  11:04  Zergling x26  
  136  11:16  Baneling  
  136  11:17  Baneling x19  
  136  11:23  Zergling x20  
  147  11:32  Drone  
  147  11:41  Hatchery  
  147  11:42  Baneling  
  147  11:43  Baneling x12, Zergling x2  
  147  11:44  Zergling x8  
  151  12:14  Infestation Pit, Zerg Flyer Armor Level 2, Zerg Flyer Weapons Level 2  
  151  12:15  Extractor  
  149  12:17  Extractor  
  136  12:40  Mutalisk x5  
  136  12:41  Mutalisk x5  
  155  12:54  Drone  
  155  12:55  Drone x3  
  155  12:56  Drone x4  
  155  12:57  Overlord, Drone x2  
  155  12:58  Overlord x3  
  117  13:28  Corruptor  
  117  13:29  Corruptor x7  
  125  13:39  Zergling x10  
  125  13:40  Zergling x6  
  133  13:55  Corruptor x5  
  134  14:07  Zergling x2  
  134  14:08  Zergling x18  
  107  14:20  Corruptor x4  
  97  14:34  Baneling  
  97  14:35  Baneling x7, Zergling x2  
  97  14:36  Zergling x10  
  97  14:38  Baneling x3  
  92  14:46  Corruptor  
  92  14:47  Corruptor x7  
Tags
 
Add a new tag
Caveats
  • Supply blocks, unpowered buildings, or Contaminate may cause inaccurate times.
  • Supply counts are checked every 10 seconds.